 Dungeon Crawl Stone Soup version 0.31-a0-222-gefeffbb62a (webtiles) character file.

Game seed: 17168138834498477011

1778 puppykicker the Skirmisher (level 8, 0/45 HPs)
             Began as a Deep Elf Hexslinger on July 6, 2023.
             Was a Follower of Sif Muna.
             Slain by a troll (8 damage)
             ... on level 7 of the Dungeon.
             The game lasted 00:26:39 (5703 turns).

puppykicker the Skirmisher (Deep Elf Hexslinger)    Turns: 5703, Time: 00:26:40

Health: 0/45       AC:  5    Str:  5    XL:     8   Next: 81%
Magic:  15/15      EV: 17    Int: 19    God:    Sif Muna [*.....]
Gold:   384        SH:  0    Dex: 22    Spells: 0/14 levels left

rFire   . . .        b - +2 war axe (venom)
rCold   . . .        (no shield)
rNeg    . . .        c - +0 robe
rPois   .            (no helmet)
rElec   .            (no cloak)
rCorr   .            x - +0 pair of gloves {Dex+3} {Dex+3}
SInv    .            d - +0 pair of boots
Will    .....        (no amulet)
Stlth   +++          n - +1 ring of protection
HPRegen 0.27/turn    A - +2 ring of evasion
MPRegen 0.14/turn

%: no passive effects
@: invisible
A: no striking features
a: Renounce Religion, Channel Magic


You were on level 7 of the Dungeon.
You worshipped Sif Muna.
Sif Muna was aware of your devotion.
You visited 2 branches of the dungeon, and saw 8 of its levels.

You collected 504 gold pieces.
You spent 120 gold pieces at shops.

Inventory:

Hand Weapons
 a - a +0 shortbow
 b - a +2 war axe of venom (weapon)
 q - a +1 antimagic sling
 w - a +4 dagger
Missiles
 l - 5 datura-tipped darts
 s - 13 poisoned darts (quivered)
Armour
 c - a +0 robe (worn)
 d - a +0 pair of boots (worn)
 k - the +18 Lear's hauberk
   (You found it on level 7 of the Dungeon)
 x - a +0 pair of gloves of dexterity (worn) {Dex+3}
 B - the -2 helmet of the Constellations {rElec Will- Int+4}
   (You found it on level 7 of the Dungeon)

   Int:       It affects your intelligence (+4).
   rElec:     It insulates you from electricity.
   Will:      It decreases your willpower.
Jewellery
 n - a +1 ring of protection (left hand)
 o - a ring of ice {rC+, rF-}
 A - a +2 ring of evasion (right hand)
 C - a ring of resist corrosion
Wands
 D - a wand of digging (6)
Scrolls
 e - a scroll of fear
 f - a scroll of fog
 g - a scroll of vulnerability {!r!r}
 m - 2 scrolls of amnesia
 t - 4 scrolls of teleportation
 u - a scroll of butterflies
 v - a scroll of immolation {!r}
 y - a scroll of enchant weapon
 H - 4 scrolls of poison {!r}
Potions
 h - a potion of berserk rage {unknown}
 i - a potion of enlightenment {unknown}
 j - 2 potions of lignification {unknown}
 r - 3 potions of brilliance {unknown}
 z - 2 potions of degeneration {unknown}
 E - a potion of curing {unknown}
 G - a potion of resistance {unknown}


   Skills:
 + Level 2.5 Fighting
 * Level 9.8 Ranged Weapons
 + Level 2.2 Armour
 + Level 4.2 Dodging
 + Level 3.7 Stealth
 + Level 3.7 Spellcasting
 + Level 5.6 Hexes
 - Level 1.5 Summonings
 + Level 3.2 Invocations
 + Level 3.0 Evocations


You couldn't memorise any spells.
You knew the following spells:

 Your Spells              Type           Power      Damage    Failure   Level
a - Summon Mana Viper     Hex/Summ       17%        N/A       65%         5
e - Cause Fear            Hex            12%        N/A       14%         4
s - Slow                  Hex            96%        N/A       1%          1
Z - Animate Dead          Necr           3%         N/A       80%         4

Your spell library contained the following spells:

 Spells                   Type           Power      Damage    Failure   Level
 Ensorcelled Hibernation  Hex/Ice        28%        N/A       7%          2
 Inner Flame              Hex/Fire       14%        N/A       13%         3
 Portal Projectile        Hex/Tloc       28%        N/A       13%         3
 Passwall                 Tmut/Erth      2%         N/A       22%         2
 Swiftness                Air            3%         N/A       38%         3
 Summon Forest            Summ/Tloc      3%         N/A       96%         5
 Borgnjor's Vile Clutch   Necr/Erth      1%         N/A       98%         5
 Death Channel            Necr           1%         N/A       100%        6
 Summon Cactus Giant      Summ           4%         N/A       100%        6


Dungeon Overview and Level Annotations

Branches:
Dungeon (7/15)             Temple (1/1) D:4

Altars:
Ashenzari
Cheibriados
Dithmenos
Elyvilon
Gozag
Hepliaklqana
Kikubaaqudgha
Makhleb
Ru
Sif Muna
Trog
Uskayaw
Vehumet
Yredelemnul
Zin
The Shining One

Shops:
D:1 =   D:6 [

Annotations:
D:6 1 runed translucent door, holysushi's ghost, novice FoFi


Message History

You shoot an arrow. The arrow hits the troll.
You shoot an arrow. The arrow hits the troll!
You shoot an arrow. The arrow hits the troll!
You shoot an arrow.
The arrow hits the troll but does no damage.
You shoot an arrow. The arrow barely misses the troll.
You fade into invisibility!
Okay, then.
Your +2 war axe of venom begins to drip with poison!
b - a +2 war axe of venom (weapon)
You barely miss the troll. The troll bites you! The troll barely misses you.
The troll completely misses you. The troll closely misses you. x3
You take 14 damage, and have 31/45 hp.
MASSIVE DAMAGE!!
You barely miss the troll. The troll misses you.
The troll closely misses you. x2
Unknown command.
You hit the troll.
The troll is poisoned.
The troll barely misses you. The troll closely misses you.
The troll misses you. The troll completely misses you.
The troll closely misses you. x2
Unknown command.
You barely miss the troll. The troll completely misses you.
The troll misses you. The troll completely misses you.
Unknown command.
You hit the troll.
The troll looks as sick as possible!
The troll closely misses you. The troll claws you!
* * * LOW HITPOINT WARNING * * *
The troll closely misses you. x2; The troll completely misses you.
The troll closely misses you.
You take 11 damage, and have 21/45 hp.
MASSIVE DAMAGE!!
You hit the troll. The troll barely misses you. The troll misses you.
The troll claws you.
* * * LOW HITPOINT WARNING * * *
You take 3 damage, and have 19/45 hp.
Unknown command.
You slash the troll! The troll bites you but does no damage.
The troll claws you!
* * * LOW HITPOINT WARNING * * *
The troll misses you. The troll bites you!
You die...

############# #...........#
#.#########.# ## #.# #.# .#
#.# ######.## .# #.#
#.......# .# #.# #.####..# .#
#.# #.# #@.##########
.#####.# #.# #T....(.....#
.....#.# ##.## #...........#
####.#.###...###..#######..##
####.#............#######...#
.##...####..)###..##........#
.............###..##.)).....#
###...######..##..##.)####).#
##.## ##.....##..#...†.#


You could see a troll (unable to see you, very poisoned).

Levels and vault maps discovered:
D:1:      dpeg_arrival_boxes_within_box, layout_basic,
          nicolae_shop_unique_rings, minmay_misc_feat_x, minmay_tetromino_s2
D:2:      layout_rooms, minmay_misc_feat_doors
D:3:      layout_loops_cross, shapermc_ecumenical_altar_flowoftime
D:4:      layout_cave_pools, temple_fountains
D:5:      layout_loops_ring
D:6:      layout_cave_pools, hellmonk_ghost_happy_afterlife, serial_shops,
          nicolae_shop_tiny_statue_garden, minmay_misc_feat_nine_boxes,
          uniq_eustachio
D:7:      layout_loops_ring, mainiacjoe_overflow_chevrons,
          hellmonk_guarded_unrand_lears
Temple:   eino_wide_crystal_templ

Notes
Turn   | Place    | Note
-------+----------+-------------------------------------------
     0 | D:1      | puppykicker the Deep Elf Hexslinger began the quest for the
                  | Orb.
     0 | D:1      | Reached XP level 1. HP: 11/11 MP: 5/5
     3 | D:1      | Identified a +0 pair of boots
    23 | D:1      | Identified a +0 whip
    46 | D:1      | Reached skill level 3 in Ranged Weapons
    69 | D:1      | Identified a +0 robe
   141 | D:1      | Identified a +0 short sword
   148 | D:1      | Identified a +1 sling
   160 | D:1      | Reached XP level 2. HP: 16/16 MP: 6/6
   163 | D:1      | Found Kyonut's One-of-a-Kind Rings.
   185 | D:1      | Identified a +0 dagger
   188 | D:1      | Reached skill level 4 in Ranged Weapons
   265 | D:1      | Bought a +1 ring of protection for 30 gold pieces
   295 | D:1      | Identified a +0 hand axe of venom
   766 | D:2      | Identified a +0 dagger
   769 | D:2      | Identified a +0 short sword
   782 | D:2      | Reached skill level 5 in Ranged Weapons
   782 | D:2      | Reached XP level 3. HP: 11/20 MP: 7/7
   822 | D:2      | Identified a +0 dagger
   874 | D:2      | Reached XP level 4. HP: 24/24 MP: 8/8
   913 | D:2      | Reached skill level 6 in Ranged Weapons
   988 | D:2      | Identified a +0 club
  1035 | D:1      | Bought a +2 ring of dexterity for 30 gold pieces
  1073 | D:2      | Identified a +0 mace
  1175 | D:2      | Identified a +0 dagger
  1428 | D:3      | Identified a +0 dagger
  1432 | D:3      | Identified a +0 plate armour
  1440 | D:3      | Identified a +0 chain mail
  1440 | D:3      | Identified a +0 short sword
  1508 | D:3      | Identified a +0 ring mail
  1640 | D:3      | Reached XP level 5. HP: 28/28 MP: 9/9
  1652 | D:3      | Learned a level 4 spell: Cause Fear
  1802 | D:1      | Bought a +2 ring of evasion for 60 gold pieces
  1873 | D:3      | Reached skill level 7 in Ranged Weapons
  1877 | D:3      | Identified a ring of ice
  2063 | D:3      | Found a faded altar of an unknown god.
  2151 | D:3      | Identified a +0 dagger
  2223 | D:3      | Identified a +4 dagger
  2290 | D:4      | Identified a +0 short sword
  2301 | D:4      | Identified a +0 pair of gloves
  2314 | D:4      | Identified a +0 dagger
  2331 | D:4      | Found a staircase to the Ecumenical Temple.
  2333 | D:4      | Identified a +0 spear
  2351 | Temple   | Entered the Ecumenical Temple
  2409 | Temple   | Became a worshipper of Sif Muna the Loreminder
  2438 | D:4      | Identified a +0 flail
  2442 | D:4      | Identified a +0 whip
  2473 | D:4      | Identified a +0 robe
  2486 | D:4      | Reached skill level 8 in Ranged Weapons
  2532 | D:4      | Identified a +0 club
  2543 | D:4      | Identified a ring of resist corrosion
  2635 | D:4      | Identified a +0 leather armour
  2665 | D:4      | Identified a +0 short sword
  2679 | D:4      | Identified a +0 pair of gloves of dexterity
  2696 | D:4      | Identified 4 scrolls of identify
  2696 | D:4      | Identified a scroll of fog
  2697 | D:4      | Identified 2 scrolls of teleportation
  2698 | D:4      | Identified a scroll of butterflies
  2699 | D:4      | Identified a scroll of amnesia
  2700 | D:4      | Identified 2 scrolls of immolation
  2728 | D:4      | Identified 2 potions of invisibility
  2738 | D:4      | Reached XP level 6. HP: 12/33 MP: 10/10
  2825 | D:4      | Identified a +0 leather armour
  2973 | D:4      | Identified a +0 falchion
  2997 | D:5      | Entered Level 5 of the Dungeon
  3072 | D:5      | Reached skill level 1 in Fighting
  3072 | D:5      | Reached skill level 1 in Stealth
  3072 | D:5      | Reached skill level 2 in Spellcasting
  3118 | D:5      | Identified a +0 hand axe
  3118 | D:5      | Identified a +0 mace
  3118 | D:5      | Identified a +0 short sword
  3118 | D:5      | Identified a +0 scale mail
  3119 | D:5      | Identified a +0 hand axe
  3119 | D:5      | Identified a +0 leather armour
  3121 | D:5      | Identified a +0 dagger
  3121 | D:5      | Identified a +0 robe
  3126 | D:5      | Reached skill level 1 in Invocations
  3127 | D:5      | Reached skill level 1 in Evocations
  3167 | D:5      | Identified a +0 whip
  3167 | D:5      | Identified a +0 leather armour
  3337 | D:5      | Identified a +2 flail of protection
  3434 | D:5      | Identified a +0 falchion
  3512 | D:5      | Identified a +0 dagger
  3512 | D:5      | Identified a +0 robe
  3514 | D:5      | Identified a +0 short sword
  3514 | D:5      | Identified a +0 leather armour
  3515 | D:5      | Identified a +0 short sword
  3866 | D:6      | Noticed holysushi's ghost (novice FoFi)
  3900 | D:6      | Noticed a water moccasin
  3908 | D:6      | Identified a +0 falchion
  3908 | D:6      | Identified a +0 leather armour
  3908 | D:6      | Noticed Eustachio
  3920 | D:6      | Identified a +0 whip
  3920 | D:6      | Identified a +0 leather armour
  3920 | D:6      | Identified a +0 hand axe
  3946 | D:6      | Identified a +0 spear
  3946 | D:6      | Identified a +0 ring mail
  3946 | D:6      | Identified a +0 whip
  3951 | D:6      | Identified a +0 spear
  3953 | D:6      | Identified a +0 whip
  3957 | D:6      | Reached XP level 7. HP: 28/38 MP: 12/12
  3958 | D:6      | Reached skill level 1 in Armour
  3958 | D:6      | Reached skill level 3 in Dodging
  3960 | D:6      | Reached * piety under Sif Muna
  4077 | D:6      | Identified a +0 falchion
  4077 | D:6      | Identified a +0 leather armour
  4080 | D:6      | Reached skill level 2 in Stealth
  4097 | D:6      | Found a runed translucent door.
  4149 | D:6      | Killed Eustachio
  4153 | D:6      | Identified a +2 war axe of venom
  4153 | D:6      | Identified a +0 robe
  4155 | D:6      | Identified a +0 flail
  4156 | D:6      | Identified a +0 dagger
  4156 | D:6      | Identified a +0 robe
  4156 | D:6      | Identified a +0 dagger
  4156 | D:6      | Identified a +0 robe
  4156 | D:6      | Identified a +0 dagger
  4156 | D:6      | Identified a +0 chain mail
  4160 | D:6      | Reached skill level 3 in Spellcasting
  4163 | D:6      | Reached skill level 2 in Invocations
  4168 | D:6      | HP: 6/39 [something/puff of flame (7)]
  4170 | D:6      | Identified 2 potions of heal wounds
  4181 | D:6      | Reached skill level 9 in Ranged Weapons
  4181 | D:6      | Reached skill level 2 in Evocations
  4257 | D:6      | Found Wenwoq's Antique Armour Boutique.
  4321 | D:6      | Reached skill level 5 in Hexes
  4321 | D:6      | Reached XP level 8. HP: 39/44 MP: 14/14
  4328 | D:6      | Identified a +0 club
  4453 | D:6      | Identified a +0 trident
  4472 | D:6      | Identified a +0 dagger
  4487 | D:6      | Identified a +0 spear
  4513 | D:6      | Reached skill level 2 in Fighting
  4513 | D:6      | Reached skill level 3 in Stealth
  4604 | D:7      | Identified a +1 antimagic sling
  4611 | D:7      | Identified a scroll of enchant weapon
  4612 | D:7      | Identified a scroll of vulnerability
  4613 | D:7      | Identified a scroll of fear
  4634 | D:7      | Learned a level 5 spell: Summon Mana Viper
  4717 | D:7      | Identified a +0 hand axe
  4717 | D:7      | Identified a +0 scale mail
  4817 | D:7      | Identified a scroll of blinking
  4901 | D:7      | Identified a +0 spear
  4917 | D:7      | Reached skill level 1 in Summonings
  4966 | D:7      | Found a snail-covered altar of Cheibriados.
  4967 | D:7      | Identified a +0 whip
  4976 | D:7      | Identified a +0 shortbow
  4986 | D:7      | Identified a +0 club
  4986 | D:7      | Identified a +0 robe
  4989 | D:7      | Identified a +0 flail
  4990 | D:7      | Identified a +0 whip
  4995 | D:7      | Noticed a hornet
  4998 | D:7      | HP: 5/44 [hornet (11)]
  4999 | D:7      | Reached skill level 2 in Armour
  4999 | D:7      | HP: 2/44 [poisoned by a hornet]
  5013 | D:7      | Reached skill level 4 in Dodging
  5013 | D:7      | Reached skill level 3 in Invocations
  5118 | D:7      | Learned a level 4 spell: Animate Dead
  5148 | D:7      | Noticed a troll
  5180 | D:7      | Reached skill level 3 in Evocations
  5183 | D:7      | Found the +18 Lear's hauberk
  5210 | D:7      | Got the -2 helmet of the Constellations {rElec Will- Int+4}
  5703 | D:7      | HP: 8/45 [troll (12)]
  5703 | D:7      | Slain by a troll

Table legend: (Time is in decaauts)
 A = Elapsed time spent in this place.
 B = Non-inter-level travel time spent in this place.
 C = Inter-level travel time spent in this place.
 D = Time resting spent in this place.
 E = Time spent auto-exploring this place.
 F = Levels seen in this place.
 G = Mean time per level.
                   A        B        C        D        E       F      G
               +--------+--------+--------+--------+--------+-----+--------+
         Total |   5724 |   5208 |    516 |    806 |   3026 |   8 |  715.5 |
       Dungeon |   5652 |   5149 |    503 |    806 |   2984 |   7 |  807.4 |
        Temple |     71 |     58 |     13 |      0 |     42 |   1 |   71.0 |
               +--------+--------+--------+--------+--------+-----+--------+

Top non-repeatable levels by time:
     D:7: 1104 daAuts
     D:1: 832 daAuts
     D:3: 790 daAuts
     D:5: 778 daAuts
     D:6: 759 daAuts
     D:4: 699 daAuts
     D:2: 687 daAuts
  Temple: 71 daAuts

Table legend:
 A = Kills in this place as a percentage of kills in the entire game.
 B = Kills by you in this place as a percentage of kills by you in the entire game.
 C = Kills by friends in this place as a percentage of kills by friends in the entire game.
 D = Other kills in this place as a percentage of other kills in the entire game.
 E = Experience gained in this place as a percentage of experience gained in the entire game.
 F = Experience gained in this place divided by the number of levels of this place that you have seen.
                   A       B       C       D       E      F
               +-------+-------+-------+-------+-------+----------------------
         Total | 100.0 | 100.0 | 100.0 | 100.0 | 100.0 | 317.5
       Dungeon | 100.0 | 100.0 | 100.0 | 100.0 | 100.0 | 362.9
               +-------+-------+-------+-------+-------+----------------------

Skill      XL: |  1  2  3  4  5  6  7  8 |
---------------+-------------------------+-----
Ranged Weapons | 3 5 6 8 9 |  9.8
Fighting       | 1 2 |  2.5
Stealth        | 1 2 3 |  3.7
Spellcasting   | 2 3 |  3.7
Invocations    | 1 2 3 |  3.2
Evocations     | 1 2 3 |  3.0
Armour         | 1 2 |  2.2
Dodging        | 3 4 |  4.2
Hexes          | 5 |  5.6
Summonings     | 1 |  1.5

Action                     |  1- 3 |  4- 6 |  7- 9 || total
---------------------------+-------+-------+-------++-------
  Melee: Dagger            |       |    15 |     1 ||    16
         Hand axe          |       |       |     4 ||     4
         Punch             |       |       |     2 ||     2
         War axe           |       |       |    25 ||    25
   Fire: Sling             |    77 |   254 |    79 ||   410
         Shortbow          |       |       |    17 ||    17
  Evoke: Wand              |       |    10 |    15 ||    25
    Use: Scroll            |       |     5 |     5 ||    10
         Potion            |       |     1 |     4 ||     5
   Stab: Invisible         |       |     3 |     2 ||     5
 Armour: Robe              |     2 |    21 |    33 ||    56
  Dodge: Dodged            |    29 |    66 |    87 ||   182

Vanquished Creatures
  2 water moccasins (D:6)
  A black bear (D:5)
  A sky beast (D:7)
  A bullfrog (D:6)
  A gnoll sergeant (D:6)
  3 killer bees (D:7)
  A howler monkey (D:6)
  4 hounds
  An orc priest (D:5)
  An iguana (D:5)
  2 sleepcaps
  5 orc wizards
  9 gnolls
  7 adders
  2 white imps
  3 worms
  6 dart slugs
  13 orcs
  5 endoplasms
  3 giant cockroaches
  9 hobgoblins
  4 quokkas
  2 ball pythons
  10 bats
  5 frilled lizards
  7 goblins
  7 kobolds
  3 rats
118 creatures vanquished.

Vanquished Creatures (collateral kills)
  Eustachio (D:6)
  A sky beast (D:7)
  A scorpion (D:7)
  A gnoll (D:7)
4 creatures vanquished.

Vanquished Creatures (others)
  A hornet (D:7)
  A centaur (D:7)
  A killer bee (D:7)
  A gnoll bouda (D:7)
  An orc priest (D:5)
5 creatures vanquished.

Grand Total: 127 creatures vanquished
